 Dungeon Crawl Stone Soup version 0.24-a0-584-g9d6b971ae4 (webtiles) character file.

Game seed: 4019041331690922059, levelgen mode: deterministic

59 Gargoyl the Skirmisher (level 3, -1/31 HPs)
             Began as a Centaur Abyssal Knight on Sept 4, 2019.
             Was a Follower of Lugonu.
             Slain by a gnoll
             ... wielding a +0 halberd
              (8 damage)
             ... on level 2 of the Dungeon.
             The game lasted 00:02:24 (1710 turns).

Gargoyl the Skirmisher (Centaur Abyssal Knight)     Turns: 1710, Time: 00:02:25

Health: -1/31      AC:  7    Str: 14    XL:     3   Next: 78%
Magic:  4/4        EV:  9    Int: 11    God:    Lugonu [*.....]
Gold:   58         SH:  0    Dex:  9    Spells: 2/2 levels left

rFire    . . .     SeeInvis .   a - +1 hand axe
rCold    + + .     Gourm    .   (no shield)
rNeg     . . .     Faith    .   d - +2 leather armour of Entitlement {-Cast rC++ rCorr Stlth+}
rPois    .         Spirit   .   (no helmet)
rElec    .         Reflect  .   (no cloak)
rCorr    +         Harm     .   b - +0 pair of gloves
MR       .....     NoCast   +   (no barding)
Stlth    +.........             e - amulet of magic regeneration
HPRegen  0.10/turn              (no ring)
MPRegen  0.34/turn              (no ring)

@: very quick
A: large, hooves 3, deformed body, speed 2, tough skin 3
a: Depart the Abyss, Renounce Religion


You were on level 2 of the Dungeon.
You worshipped Lugonu.
Lugonu was aware of your devotion.
You were hungry.

You visited 1 branch of the dungeon, and saw 2 of its levels.
You visited the Abyss 1 time.

You collected 58 gold pieces.

Inventory:

Hand Weapons
 a - a +1 hand axe (weapon)
Armour
 b - a +0 pair of gloves (worn)
 d - the +2 leather armour of Entitlement (worn) {-Cast rC++ rCorr Stlth+}
   (You found it on level 2 of the Abyss)

   It greatly protects you from cold.
   It prevents spellcasting.
   It provides partial protection from all sources of acid and corrosion.
   It makes you more stealthy.
Jewellery
 e - an amulet of magic regeneration (around neck)
Potions
 f - a potion of curing {unknown}
Comestibles
 c - 3 rations


   Skills:
 + Level 3.5 Fighting
 + Level 2.2 Axes
 * Level 1.9 Armour
 * Level 1.1 Dodging
 * Level 2.5 Invocations


You had 2 spell levels left.
You didn't know any spells.
Your spell library was empty.

Dungeon Overview and Level Annotations

Branches:
Dungeon (2/15)

Altars:


Innate Abilities, Weirdness & Mutations

You have hooves in place of feet.
Armour fits poorly on your strangely shaped body.
You cover ground very quickly.
You have extremely tough skin. (AC +3)


Message History

The gnoll shouts!
A gnoll comes into view. It is wielding a +0 spear.
The gnoll completely misses you.
You hit the gnoll. You kick the gnoll, but do no damage.
The gnoll is lightly wounded.
The gnoll closely misses you. The gnoll hits you.
You slash the gnoll!
The gnoll is severely wounded.
The gnoll hits you from afar with a +0 halberd!
The gnoll hits you but does no damage.
You hit the gnoll.
The gnoll is almost dead.
The gnoll hits you from afar with a +0 halberd.
The gnoll hits you.
* * * LOW HITPOINT WARNING * * *
You hit the gnoll.
You kill the gnoll!
Lugonu accepts your kill.
The gnoll hits you from afar with a +0 halberd!
You die...

#### ##
#################...
..
#.................#
.#
..#.#....((.####.##.#
####.####.#().)....#
#.# #.######@##.# #.#
#.# #†# #.# #.# #g#
#.# #.# #g# ... ...
#g# #.# ... #.# #.#
#.#


You could see 3 gnolls.

Vanquished Creatures
  A gnoll (D:2)
  3 leopard geckos (D:1)
  3 giant cockroaches (D:1)
  2 goblins (D:1)
  5 hobgoblins (D:1)
  7 jackals
  6 bats (D:1)
  4 frilled lizards (D:1)
  7 kobolds
  3 rats
41 creatures vanquished.

Notes
Turn   | Place    | Note
-------+----------+-------------------------------------------
     0 | Abyss:1  | Gargoyl the Centaur Abyssal Knight began the quest for the
                  | Orb.
     0 | Abyss:1  | Reached XP level 1. HP: 19/19 MP: 2/2
    62 | Abyss:2  | Noticed a large abomination
    78 | Abyss:2  | Got a smoking leather armour
   117 | Abyss:2  | Noticed a raiju
   119 | D:1      | Escaped the Abyss
   130 | D:1      | Identified the +2 leather armour of Entitlement {-Cast rC++
                  | rCorr Stlth+} (You found it on level 2 of the Abyss)
   478 | D:1      | Reached XP level 2. HP: 26/26 MP: 3/3
   491 | D:1      | Reached * piety under Lugonu
  1026 | D:1      | Reached skill level 1 in Dodging
  1075 | D:1      | Reached XP level 3. HP: 25/31 MP: 4/4
  1710 | D:2      | Slain by a gnoll

Levels and vault maps discovered:
D:1:      psy_arrival_terrarium, layout_loops_ring, grunt_decor_mini_mirrors,
          minmay_pentomino_p4
D:2:      layout_loops_ring, nicolae_overflow_hidden_temple

Skill      XL: |  1  2 |
---------------+-------+-----
Axes           | 2 |  2.2
Dodging        | 1 |  1.1
Fighting       | |  3.5
Armour         | |  1.9
Invocations    | |  2.5

Action                   || total
-------------------------++-------
Melee: Hand axe          ||   124
       Kick              ||    11
Invok: Depart the Abyss  ||     1
  Use: Scroll            ||     3
       Potion            ||     1
 Stab: Sleeping          ||     2
  Eat: Chunk             ||     1
Armor: Leather armour    ||    76
Dodge: Dodged            ||    65

Table legend:
 A = Non-vault XP
 B = Vault XP
 C = Vault XP percentage of total XP
 D = Non-vault monster count
 E = Vault monster count
 F = Vault count percentage of total count
                 A         B        C        D         E       F
            +---------+---------+-------+---------+---------+-------
      Total |      79 |       6 |   7.1 |      38 |       3 |   7.3
            +---------+---------+-------+---------+---------+-------
        D:1 |      55 |       6 |   9.8 |      32 |       3 |   8.6
        D:2 |      24 |       0 |   0.0 |       6 |       0 |   0.0
            +---------+---------+-------+---------+---------+-------
